 Dungeon Crawl Stone Soup version 0.29.1-12-g30fa7ad0bf (webtiles) character file.

Game seed: 2431783761388880296

3164 booth the Basher (level 8, -5/61 HPs)
             Began as a Demonspawn Gladiator on Dec 24, 2022.
             Was a High Priest of Ru.
             Shot with a bolt by an orc warrior (20 damage)
             ... in a bailey.
             The game lasted 01:12:44 (8588 turns).

booth the Basher (Demonspawn Gladiator)             Turns: 8588, Time: 01:12:45

Health: -5/61      AC:  7    Str: 23    XL:     8   Next: 63%
Magic:  8/8        EV: 13    Int:  9    God:    Ru [*****.]
Gold:   155        SH:  4    Dex: 18    Spells: 7/7 levels left

rFire   . . .      SeeInvis +   d - +2 mace (protect)
rCold   . . .      Faith    .   m - +0 buckler
rNeg    + . .      Spirit   .   q - +0 ring mail
rPois   .          Reflect  .   (helmet restricted)
rElec   .          Harm     .   (no cloak)
rCorr   .          Rampage  .   o - +0 pair of gloves
Will    .....                   (no boots)
Stlth   +.........              D - amulet of magic regeneration
HPRegen 0.20/turn               a - ring of positive energy
MPRegen 0.51/turn               z - ring "Haenatyo" {Fly Str+6 Dex+3 SInv}

@: flying, studying Shields
A: horns 1, foul stench 2, powered by death 2, inability to use devices, no air
magic, no summoning magic, no transmutations magic, inexperienced 1, weakness
stinger 1
a: Renounce Religion, Draw Out Power, Power Leap, Apocalypse


You were in a bailey.
You worshipped Ru.
Ru was extremely pleased with you.
You visited 1 branch of the dungeon, and saw 8 of its levels.
You also visited: Bailey.

You collected 585 gold pieces.
You spent 430 gold pieces at shops.

Inventory:

Hand Weapons
 d - a +2 mace of protection (weapon)
 e - a +0 flail
 f - a +4 war axe
 x - a +0 spectral quarterstaff
Missiles
 h - a javelin
 i - 20 poisoned darts (quivered)
 r - a throwing net
 w - 5 curare-tipped darts
Armour
 b - a +0 leather armour
 m - a +0 buckler (worn)
 o - a +0 pair of gloves (worn)
 q - a +0 ring mail (worn)
Jewellery
 a - a ring of positive energy (left hand)
 z - the ring "Haenatyo" (right hand) {Fly Str+6 Dex+3 SInv}
   (You bought it in a shop on level 2 of the Dungeon)

   [ring of see invisible]

   Str:       It affects your strength (+6).
   Dex:       It affects your dexterity (+3).
   SInv:      It lets you see invisible.
   Fly:       It grants you flight.
 B - a +6 ring of strength
 D - an amulet of magic regeneration (around neck)
Scrolls
 l - 4 scrolls of teleportation
 u - a scroll of summoning {unknown}
 v - 2 scrolls of butterflies
 y - a scroll of blinking {unknown}
 C - a scroll of enchant armour {unknown}
Potions
 c - a potion of magic
 j - 2 potions of flight
 k - 3 potions of attraction
 n - a potion of haste
 p - 3 potions of curing
 s - a potion of might {unknown}
 t - a potion of berserk rage {unknown}
 A - 2 potions of cancellation {unknown}


   Skills:
 + Level 4.7 Fighting
 + Level 4.2(7.1) Axes
 * Level 8.8(9.3) Maces & Flails
 + Level 3.2 Throwing
 + Level 4.6 Armour
 + Level 4.4 Dodging
 + Level 1.7 Stealth
 + Level 1.0 Shields


You had 7 spell levels left.
You didn't know any spells.
Your spell library contained the following spells:

 Spells                   Type           Power      Damage    Failure   Level
 Conjure Flame            Conj/Fire      0%         6-21      94%         3
 Portal Projectile        Hex/Tloc       0%         N/A       94%         3
 Animate Dead             Necr           0%         N/A       100%        4
 Leda's Liquefaction      Hex/Erth       0%         N/A       100%        4
 Sticky Flame             Conj/Fire      0%         2d3       100%        4
 Infestation              Necr           0%         N/A       100%        8
 Poisonous Vapours        Pois/Air       Unusable   N/A       N/A         2
 Call Canine Familiar     Summ           Unusable   N/A       N/A         3
 Ignite Poison            Fire/Tmut/Pois Unusable   N/A       N/A         3
 Corpse Rot               Necr/Pois/Air  Unusable   N/A       N/A         4
 Haunt                    Necr/Summ      Unusable   N/A       N/A         7

Dungeon Overview and Level Annotations

Branches:
Dungeon (8/15)             Temple (0/1) D:5          Bailey (1/1)
   Lair: D:8-11

Altars:
Cheibriados
Fedhas
Kikubaaqudgha
Nemelex Xobeh
Ru
Wu Jian

Shops:
D:2 =

Annotations:
D:2 1 runed translucent door, Crazy Yiuf


Innate Abilities, Weirdness & Mutations

You have a pair of small horns on your head.
You sometimes emit foul miasma when damaged in melee.
You regenerate health from kills.
You cannot study or use magical devices.
You cannot study or cast Air magic.
You cannot study or cast Summoning magic.
You cannot study or cast Transmutations magic.
You are somewhat inexperienced. (-1 XL)
You have a small tail.


Message History

a +0 spear; a goblin corpse
There is a flagged portal here.
The world spins around you as you enter the gateway.
You enter a bailey!
Found a gate leading back out of this place.
There is an empty arch of ancient stone here.
An orc and an orc warrior come into view.
The orc shouts!
The orc warrior shouts!
Found a gate leading back out of this place.
An orc warrior comes into view.
It is wielding a +0 arbalest. 2 orcs come into view.
The orc moves out of view.
The orc warrior shouts!
The orc shoots a bolt.
The bolt hits you.
You focus your inner power and blind the orc in retribution!
The orc warrior shoots a bolt.
The bolt hits you!!
You focus your inner power and paralyse the orc warrior in retribution!
You start resting.
An orc warrior is nearby!
The orc warrior shoots a bolt.
The bolt hits you!!
* * * LOW HITPOINT WARNING * * *
Throw: 21 darts (poison)
Press: ? - help, Q - select action, (/) - cycle Shift-Dir - straight line, f - orc warrior
Aim: an orc warrior, wielding a +0 arbalest and wearing a +0 scale mail (58% to hit)
You throw a poisoned dart. The poisoned dart hits the orc warrior.
The orc warrior is poisoned.
The orc warrior shoots a bolt.
The bolt hits you!
* * * LOW HITPOINT WARNING * * *
You feel much better.
The orc shoots a bolt.
You block the bolt.
You redirect the orc warrior's attack!
The orc warrior shoots a bolt.
The bolt hits the orc!
The orc dies!
The orc warrior shoots a bolt.
The bolt hits you!
* * * LOW HITPOINT WARNING * * *
There is an empty arch of ancient stone, spattered with blood here.
The orc shoots a bolt.
You block the bolt.
There is a gate leading back out of this place here.
The orc shoots a bolt.
The bolt closely misses you.
The orc warrior shoots a bolt.
The bolt hits you!!
You die...

###########
.........@#
........∩.#
..........#
..........#
≈≈≈≈~.....#
###≈≈.....#
#.##≈.....#
..o#≈..oo.#
∩o##≈..(..#


You could see an orc warrior (poisoned) and an orc.

Vanquished Creatures
  Joseph (D:7)
  Sigmund (D:4)
  A wyvern (D:7)
  2 ice beasts
  2 sky beasts
  A centaur (D:6)
  2 ogres
  2 kobold brigands
  A phantom (D:4)
  A necrophage (D:5)
  A scorpion (D:5)
  Dowan (D:5)
  9 wights
  A howler monkey (D:6)
  2 jellies
  6 hounds
  3 orc priests
  A gnoll bouda (D:7)
  Jessica (D:2)
  Terence (D:2)
  Natasha (thrice) (D:2)
  4 orc wizards
  Robin (D:2)
  14 gnolls
  10 adders
  2 white imps
  2 ufetubi
  A worm (D:2)
  2 dart slugs (D:2)
  18 orcs
  8 ball pythons
  8 bats
  13 endoplasms
  6 giant cockroaches
  22 goblins
  9 hobgoblins
  16 kobolds
  4 quokkas
  2 frilled lizards
  9 rats
194 creatures vanquished.

Vanquished Creatures (others)
  Duvessa (D:5)
  A wight (D:6)
  An orc (Bailey)
  2 goblins (D:8)
  A kobold (D:5)
6 creatures vanquished.

Grand Total: 200 creatures vanquished

Notes
Turn   | Place    | Note
-------+----------+-------------------------------------------
     0 | D:1      | booth the Demonspawn Gladiator began the quest for the Orb.
     0 | D:1      | Reached XP level 1. HP: 16/16 MP: 1/1
   255 | D:1      | Gained mutation: You regenerate a little health from kills.
                  | [demonic ancestry]
   255 | D:1      | Reached XP level 2. HP: 22/22 MP: 2/2
   975 | D:1      | Gained mutation: You regenerate health from kills. [demonic
                  | ancestry]
   975 | D:1      | Reached XP level 3. HP: 24/27 MP: 3/3
  1075 | D:1      | Found a faded altar of an unknown god.
  1099 | D:1      | Prayed at the altar of an unknown god.
  1099 | D:1      | Became a worshipper of Ru the Awakened
  1118 | D:1      | Gained mutation: You are somewhat inexperienced. (-1 XL)
                  | [Ru sacrifice]
  1118 | D:1      | Reached XP level 2. HP: 22/22 MP: 2/2
  1118 | D:1      | Reached * piety under Ru
  1118 | D:1      | Reached ** piety under Ru
  1510 | D:2      | Reached skill level 1 in Armour
  1534 | D:2      | Noticed Jessica
  1545 | D:2      | Killed Jessica
  1546 | D:2      | Reached XP level 3. HP: 28/28 MP: 3/3
  1654 | D:2      | Found Vojyon's Jewellery Emporium.
  1659 | D:2      | Noticed Terence
  1683 | D:2      | Killed Terence
  1902 | D:2      | Noticed Natasha
  1903 | D:2      | Noticed Robin
  1914 | D:2      | Killed Natasha
  1915 | D:2      | Discovered your monstrous ancestry.
  1915 | D:2      | Gained mutation: You have a pair of small horns on your
                  | head. [demonic ancestry]
  1915 | D:2      | Reached XP level 4. HP: 28/34 MP: 4/4
  1931 | D:2      | Killed Robin
  1966 | D:2      | Noticed Natasha
  1972 | D:2      | Killed Natasha
  2095 | D:2      | Found a runed translucent door.
  2096 | D:2      | Noticed Crazy Yiuf
  2202 | D:2      | Noticed Natasha
  2214 | D:2      | HP: 1/34 [constriction (7)]
  2219 | D:2      | Killed Natasha
  2734 | D:3      | Reached skill level 1 in Maces & Flails
  2879 | D:3      | Found a large runed translucent door.
  2880 | D:3      | Found a large runed translucent door.
  3234 | D:3      | Gained mutation: You may rarely emit foul miasma when
                  | damaged in melee. [demonic ancestry]
  3234 | D:3      | Reached XP level 5. HP: 40/40 MP: 5/5
  3650 | D:3      | Gained mutation: You cannot study or use magical devices.
                  | [Ru sacrifice]
  3650 | D:3      | Reached *** piety under Ru
  3650 | D:3      | Reached **** piety under Ru
  3669 | D:3      | Found a snail-covered altar of Cheibriados.
  3911 | D:4      | Reached skill level 2 in Maces & Flails
  4192 | D:4      | Noticed Sigmund
  4206 | D:4      | Killed Sigmund
  4207 | D:4      | Reached skill level 3 in Maces & Flails
  4207 | D:4      | Gained mutation: You sometimes emit foul miasma when
                  | damaged in melee. [demonic ancestry]
  4207 | D:4      | Reached XP level 6. HP: 47/47 MP: 6/6
  4623 | D:4      | Reached skill level 4 in Maces & Flails
  4718 | D:4      | Found a sparkling altar of Nemelex Xobeh.
  4718 | D:4      | Found a blossoming altar of Fedhas.
  4997 | D:5      | Entered Level 5 of the Dungeon
  5124 | D:5      | Reached skill level 1 in Stealth
  5124 | D:5      | Gained mutation: You have a small tail. [demonic ancestry]
  5124 | D:5      | Reached XP level 7. HP: 53/53 MP: 7/7
  5308 | D:5      | Reached skill level 5 in Maces & Flails
  5538 | D:5      | Found a staircase to the Ecumenical Temple.
  5589 | D:5      | Noticed Dowan
  5593 | D:5      | Killed Dowan
  5594 | D:5      | Noticed Duvessa
  5600 | D:5      | Killed Duvessa
  5866 | D:6      | Reached skill level 6 in Maces & Flails
  6138 | D:6      | Found an ancient bone altar of Kikubaaqudgha.
  6348 | D:6      | Gained mutation: You cannot study or cast Air magic. [Ru
                  | sacrifice]
  6348 | D:6      | Gained mutation: You cannot study or cast Transmutations
                  | magic. [Ru sacrifice]
  6348 | D:6      | Gained mutation: You cannot study or cast Summoning magic.
                  | [Ru sacrifice]
  6348 | D:6      | Reached ***** piety under Ru
  6628 | D:6      | Reached skill level 7 in Maces & Flails
  6995 | D:2      | Bought the ring "Haenatyo" {Fly Str+6 Dex+3 SInv} for 430
                  | gold pieces
  7150 | D:6      | Found an ornate altar of the Wu Jian Council.
  7317 | D:7      | Reached XP level 8. HP: 60/60 MP: 4/8
  7644 | D:7      | Reached skill level 8 in Maces & Flails
  7654 | D:7      | Noticed Joseph
  7681 | D:7      | Killed Joseph
  7744 | D:7      | Identified a scroll of acquirement
  7744 | D:7      | Acquired a manual of Shields
  8385 | D:8      | Reached skill level 1 in Shields
  8533 | D:8      | Found a flagged portal.
  8557 | Bailey   | Entered a bailey
  8584 | Bailey   | HP: 3/61 [orc warrior/bolt (14)]
  8588 | Bailey   | Shot with a bolt by an orc warrior

Illustrated notes

Levels and vault maps discovered:
D:1:      scummos_arrival_simple_fountains, layout_basic,
          serial_co_window_serial, co_window_paths_b, co_window_corner_a,
          co_window_corner_a, co_window_of_opportunity_a,
          co_window_of_opportunity_a, co_window_paths_a,
          co_window_of_opportunity_a, co_window_corner_a, co_window_paths_a,
          co_window_corner_b, co_window_broadway_a, co_window_corner_b,
          co_window_cross_3, glass_columns_a, glass_columns_a, glass_columns_a,
          glass_columns_c, glass_columns_a, nicolae_ecumenical_lake_church,
          minmay_indecisive_spiral
D:2:      layout_loops_ring, serial_shops, shop, uniq_natasha, uniq_jessica,
          uniq_robin, uniq_crazy_yiuf_cottage, uniq_terence
D:3:      minmay_chambers_of_threes, layout_basic, jmf_multi_god_temple2,
          serial_park_tiny_pond, hangedman_decor_slide_cut
D:4:      layout_loops_corners, mainiacjoe_overflow_divided_tiny,
          grunt_ministairs_4, uniq_sigmund
D:5:      layout_loops_ring, minmay_temple_entry_antechambers,
          dreamdust_wishing_well, uniq_duvessa
D:6:      layout_loops_corners, nicolae_kikubaaqudgha_miasma_corner,
          nicolae_overflow_two_pavilions, minmay_fountain_box
D:7:      layout_loops_ring, uniq_joseph
D:8:      layout_cave_pools, lightli_bailey_entry_fortress, serial_column_ruins,
          column_ruins_grid_1, column_ruins_open_medium,
          column_ruins_open_small, column_ruins_columns_straight,
          column_ruins_grid_1, column_ruins_open_tiny
Bailey:   bailey_polearm_2, bailey

Skill      XL: |  1  2  3  4  5  6  7  8 |
---------------+-------------------------+-----
Dodging        | 3 4 |  4.4
Axes           | 3 4 |  4.2
Throwing       | 2 3 |  3.2
Armour         | 1 2 3 4 |  4.6
Maces & Flails | 1 3 4 7 8 |  8.8
Fighting       | 3 4 |  4.7
Stealth        | 1 |  1.7
Shields        | 1 |  1.0

Action                   |  1- 3 |  4- 6 |  7- 9 || total
-------------------------+-------+-------+-------++-------
Melee: War axe           |    89 |    19 |       ||   108
       Mace              |    20 |   200 |   257 ||   477
       Headbutt          |       |    31 |    51 ||    82
       Tailslap          |       |       |    39 ||    39
Throw: Dart              |    12 |    10 |     7 ||    29
       Throwing net      |     3 |     1 |       ||     4
       Javelin           |     2 |     1 |     3 ||     6
Invok: Sacrifice Experie |     1 |       |       ||     1
       Sacrifice Artific |       |     1 |       ||     1
       Power Leap        |       |       |     3 ||     3
       Sacrifice Arcana  |       |       |     1 ||     1
  Use: Scroll            |     4 |     4 |     6 ||    14
       Potion            |     3 |     2 |     1 ||     6
 Stab: Distracted        |       |     2 |       ||     2
Armor: Leather armour    |    29 |    41 |       ||    70
       Ring mail         |       |    17 |    87 ||   104
Dodge: Dodged            |    68 |   123 |   113 ||   304
Block: Buckler           |       |     2 |    33 ||    35
